 Dungeon Crawl Stone Soup version 0.22-a0-565-gfc6459a524 (webtiles) character file.

17 Faustar the Skirmisher (level 2, 0/27 HPs)
             Began as a Minotaur Fighter on June 28, 2018.
             Succumbed to a kobold's poison
             ... on level 1 of the Dungeon.
             The game lasted 00:00:46 (193 turns).

Faustar the Skirmisher (Minotaur Fighter)            Turns: 193, Time: 00:00:46

Health: 0/27       AC:  7    Str: 25    XL:     2   Next: 44%
Magic:  1/1        EV:  7    Int:  5    God:
Gold:   6          SH:  9    Dex:  9    Spells: 1/1 levels left

rFire    . . .     SeeInvis .   a - +0 war axe
rCold    . . .     Gourm    .   c - +0 shield
rNeg     . . .     Faith    .   b - +1 scale mail
rPois    .         Spirit   .   (helmet restricted)
rElec    .         Reflect  .   (no cloak)
rCorr    .         Harm     .   (no gloves)
MR       .....                  (no boots)
Stlth    ..........             (no amulet)
HPRegen  0.09/turn              (no ring)
MPRegen  0.07/turn              (no ring)

@: mighty, lethally poisoned (0 -> -22), very slightly contaminated, invisible
A: retaliatory headbutt, horns 2
a: no special abilities


You were on level 1 of the Dungeon.
You were not hungry.

You visited 1 branch of the dungeon, and saw 2 of its levels.

You collected 6 gold pieces.

Inventory:

Hand Weapons
 a - a +0 war axe (weapon)
Armour
 b - a +1 scale mail (worn)
 c - a +0 shield (worn)
Scrolls
 e - a scroll of enchant weapon {unknown}
 g - a scroll of random uselessness {unknown}
 h - 2 scrolls of enchant armour
 i - a scroll of immolation {unknown}
 j - a scroll of fear {unknown}
Potions
 d - a potion of might
Comestibles
 f - a ration


   Skills:
 + Level 4.2 Fighting
 + Level 3.2 Axes
 - Level 3.6 Armour
 - Level 3.6 Shields


You had one spell level left.
You didn't know any spells.
Your spell library was empty.

Dungeon Overview and Level Annotations

Branches:
Dungeon (2/15)

Altars:
Kikubaaqudgha
Qazlal
Wu Jian
Xom
Zin
The Shining One


Innate Abilities, Weirdness & Mutations

You reflexively headbutt those who attack you in melee.
You have a pair of horns on your head.


Message History

You feel sick.
You are very lightly contaminated with residual magic.
Okay, then.
Unknown command.
* * * LOW HITPOINT WARNING * * *
You feel sick.
You see here a short sword of venom.
* * * LOW HITPOINT WARNING * * *
You feel sick.
* * * LOW HITPOINT WARNING * * *
You feel sick.
You feel very mighty all of a sudden.
* * * LOW HITPOINT WARNING * * *
You feel sick.
Okay, then.
Unknown command.
As you read the scroll labeled NIENWO LIEC, it crumbles to dust.
It is a scroll of enchant armour.
Your +0 scale mail glows green for a moment.
You die...

# ..#...............
##..#................
.##...#................
..........†...........
..............#......
♣#♣.♣.♣#...(..##......
#.....##...#####......
#.♣.....♣)†....###......
.......@.>...#....#.....
..♣.....♣.#######..#....
.....)....# ##....##
#.♣.♣.♣#♣## ####... # #
#. #... #. #... # ....
..


There were no monsters in sight!

Vanquished Creatures
  A worm (D:2)
  A leopard gecko (D:2)
  2 goblins (D:1)
  3 jackals (D:1)
  2 kobolds
  2 frilled lizards
  A rat (D:1)
12 creatures vanquished.

Notes
Turn   | Place    | Note
-------+----------+-------------------------------------------
     0 | D:1      | Faustar the Minotaur Fighter began the quest for the Orb.
     0 | D:1      | Reached XP level 1. HP: 19/19 MP: 0/0
    21 | D:1      | You fall through a shaft!
    21 | D:2      | Found a glowing silver altar of Zin.
    21 | D:2      | Found a shimmering altar of Xom.
    21 | D:2      | Found a stormy altar of Qazlal.
    23 | D:2      | Found an ornate altar of the Wu Jian Council.
    35 | D:2      | Found a glowing golden altar of the Shining One.
    39 | D:2      | Found an ancient bone altar of Kikubaaqudgha.
   137 | D:2      | Reached skill level 4 in Fighting
   143 | D:1      | Reached XP level 2. HP: 27/27 MP: 1/1
   192 | D:1      | HP: 1/27 [poisoned by a kobold]
   193 | D:1      | Succumbed to a kobold's poison

Vault maps used:
D:1:      elethiomel_arrival_infinity_welcomes_careful_drivers, serial_forest,
          infiniplex_forest_clump_cross, infiniplex_forest_lined_room_2,
          infiniplex_forest_end_1, infiniplex_forest_lined_room_,
          infiniplex_forest_lined_room_, infiniplex_forest_lined_3,
          infiniplex_forest_clump_curved, minmay_rat_gold_closets
D:2:      minmay_overflow_temple_hex, grunt_decor_arrowhead

Skill      XL: |  1 |
---------------+----+-----
Fighting       | 4 |  4.2
Axes           | 3 |  3.2
Armour         | |  3.6
Shields        | |  3.6

Action                   || total
-------------------------++-------
Melee: War axe           ||    21
       Headbutt          ||     3
  Use: Potion            ||     2
       Scroll            ||     1
Armor: Scale mail        ||     9
Dodge: Dodged            ||     6
Block: Shield            ||    13

Table legend:
 A = Spawn XP
 B = Non-spawn XP
 C = Spawn XP percentage of total XP
 D = Spawn monster count
 E = Non-spawn monster count
 F = Spawn count percentage of total count
 G = Total turns spent on level
                    A         B        C        D         E        F      G
               +---------+---------+-------+---------+---------+-------+---------
         Total |       0 |      25 |   0.0 |       0 |      12 |   0.0 |   193
               +---------+---------+-------+---------+---------+-------+---------
           D:1 |       0 |      14 |   0.0 |       0 |       8 |   0.0 |    72
           D:2 |       0 |      11 |   0.0 |       0 |       4 |   0.0 |   121
               +---------+---------+-------+---------+---------+-------+---------
